 Dungeon Sprint DCSS version 0.27-a0-1322-gfdffb62a71 (webtiles) character file.

Game seed: 8170104082598570764

109 rocky1 the Shield-Bearer (level 5, -4/44 HPs)
             Began as a Formicid Fighter on June 23, 2021.
             Slain by an ogre (15 damage)
             ... in the Dungeon (Sprint IX: "|||||||||||||||||||||||||||||").
             The game lasted 00:00:34 (54 turns).

rocky1 the Shield-Bearer (Formicid Fighter)           Turns: 54, Time: 00:00:34

Health: -4/44      AC:  7    Str: 21    XL:     5   Next: 13%
Magic:  5/5        EV: 10    Int:  8    God:
Gold:   0          SH: 10    Dex: 10    Spells: 4/4 levels left

rFire    . . .     SeeInvis +   a - +0 long sword
rCold    . . .     Faith    .   c - +0 kite shield
rNeg     . . .     Spirit   .   b - +0 scale mail
rPois    .         Reflect  .   (helmet unavailable)
rElec    .         Harm     .   (no cloak)
rCorr    .         Rampage  .   (no gloves)
Will     .....                  (no boots)
Stlth    ..........             (no amulet)
HPRegen  0.14/turn              (no ring)
MPRegen  0.09/turn              (no ring)

@: no status effects
A: permanent stasis, dig shafts and tunnels, antennae 3, four strong arms
a: Dig


You were in the Dungeon.
You visited 1 branch

Inventory:

Hand Weapons
 a - a +0 long sword (weapon)
Armour
 b - a +0 scale mail (worn)
 c - a +0 kite shield (worn)
Potions
 d - a potion of might
 e - a potion of curing
 g - 2 potions of magic


   Skills:
 + Level 5.5 Fighting
 + Level 4.5 Long Blades
 + Level 5.5 Armour
 + Level 3.4 Dodging
 + Level 6.1 Shields


You had 4 spell levels left.
You didn't know any spells.
Your spell library was empty.

Dungeon Overview and Level Annotations

Branches:
Dungeon (1/1)

Altars:


Innate Abilities, Weirdness & Mutations

You cannot be hasted, slowed, berserked, paralysed or teleported.
You can dig through walls and to a lower floor.
You have a pair of large antennae on your head. (SInv)
Your four strong arms can wield two-handed weapons with a shield.


Message History

The centaur kicks you but does no damage.
The centaur hits you but does no damage.
The centaur kicks you but does no damage.
You block the centaur's attack.
The centaur kicks you but does no damage.
Unknown command.
You closely miss the centaur.
The centaur is almost dead.
You block the centaur's attack.
The centaur kicks you but does no damage.
The centaur hits you but does no damage.
The centaur completely misses you.
Unknown command.
You slash the centaur!
You kill the centaur!
The ogre hits you with a +0 giant club!
* * * LOW HITPOINT WARNING * * *
Your Fighting skill increases to level 5!
Your Long Blades skill increases to level 4!
Your Armour skill increases to level 5!
Your Dodging skill increases to level 3!
Your Shields skill gained 2 levels and is now at level 6!
You have reached level 4!
You feel clever.
You have reached level 5!
You feel much better.
Unknown command.
You hit the ogre but do no damage. The ogre hits you with a +0 giant club!
You slash the ogre!
The ogre is heavily wounded.
The ogre hits you with a +0 giant club!
* * * LOW HITPOINT WARNING * * *
You hit the ogre but do no damage.
The ogre is moderately wounded.
You block the ogre's attack.
The hound pauses to sniff the ground.
You hit the ogre.
The ogre is heavily wounded.
The ogre hits you with a +0 giant club!
You die... ▓▓▓▓▓▓▓▓▓▓▓▓▓▓▓▓▓▓ ▓<...).....@Owh..+ ▓▓▓▓▓▓▓▓▓▓▓▓▓▓▓▓▓▓

You could see an ogre, a worm and a hound.

Vanquished Creatures
  A centaur (D)
  A jelly (D)
  An endoplasm (D)
  2 bats (D)
  A kobold (D)
  A rat (D)
7 creatures vanquished.

Notes
Turn   | Place    | Note
-------+----------+-------------------------------------------
     0 | D        | rocky1 the Formicid Fighter began the quest for the Orb.
     0 | D        | Reached XP level 1. HP: 18/18 MP: 1/1
    13 | D        | Reached skill level 4 in Shields
    34 | D        | Noticed a jelly
    34 | D        | Noticed a centaur
    34 | D        | Noticed an ogre
    34 | D        | Noticed a hound
    37 | D        | Killed a jelly
    38 | D        | Reached XP level 2. HP: 22/26 MP: 2/2
    38 | D        | Reached XP level 3. HP: 27/31 MP: 3/3
    49 | D        | Killed a centaur
    50 | D        | Reached skill level 5 in Fighting
    50 | D        | Reached skill level 5 in Armour
    50 | D        | Reached skill level 6 in Shields
    50 | D        | Reached XP level 4. HP: 5/39 MP: 4/4
    50 | D        | Reached XP level 5. HP: 6/44 MP: 5/5
    54 | D        | Slain by an ogre

Illustrated notes

Levels and vault maps discovered:
D:        linesprint [early_d, line_temple, items_1, d_10, items_2, lair_1,
          lair_end, items_3, orc_1, orc_end, items_4, d_15, swamp_1, shoals_1,
          snake_1, spider_1, d_20, vaults_1, items_5, swamp_end, shoals_end,
          snake_end, spider_end, vaults_end, d_27, items_6, zot_1, zot_end,
          crypt_end, forest_end, elf_end, slime_end, tomb_end, abyss_end,
          pan_hell_end]

Skill      XL: |  1  2  3 |
---------------+----------+-----
Shields        | 4 6 |  6.1
Fighting       | 4 5 |  5.5
Long Blades    | 3 4 |  4.5
Armour         | 4 5 |  5.5
Dodging        | 2 3 |  3.4

Action                   |  1- 3 |  4- 6 || total
-------------------------+-------+-------++-------
Melee: Long sword        |    24 |     4 ||    28
  Use: Potion            |       |     1 ||     1
Armor: Scale mail        |    25 |       ||    25
Dodge: Dodged            |    13 |       ||    13
Block: Kite shield       |    19 |     1 ||    20
       Rpst.: Long sword |     6 |       ||     6

Table legend: (Time is in decaauts)
 A = Elapsed time spent in this place.
 B = Non-inter-level travel time spent in this place.
 C = Inter-level travel time spent in this place.
 D = Time resting spent in this place.
 E = Time spent auto-exploring this place.
 F = Levels seen in this place.
 G = Mean time per level.
                   A        B        C        D        E       F      G
               +--------+--------+--------+--------+--------+-----+--------+
         Total |     64 |     64 |      0 |     14 |      0 |   1 |   64.0 |
       Dungeon |     64 |     64 |      0 |     14 |      0 |   1 |   64.0 |
               +--------+--------+--------+--------+--------+-----+--------+

Top non-repeatable levels by time:
       D: 64 daAuts
